Map: Rovine di Endion

Players

Jhyrachy - Winner!

  • Race: Zerg Zerg
  • League: Gold

Gutinndi

  • Race: Zerg Zerg
  • League: Gold

VOD

Have the link to the VOD?

Description

Time

  • Played on: May 22, 2016, 4:17 p.m.
  • Length: 19:48
Show
View Real Time Build Order
Export as new Build Order

Jhyrachy Zerg - Winner!

Build Orders: Pool First 

Get SALT Encoding   

  12  0:01  Drone  
  13  0:10  Drone  
  14  0:17  Overlord  
  14  0:36  Drone x3  
  17  0:51  Extractor, Spawning Pool, Drone  
  16  1:03  Drone  
  17  1:21  Hatchery  
  17  1:25  Drone  
  17  1:26  Drone  
  18  1:34  Overlord  
  18  1:45  Drone  
  19  1:56  Zergling x2  
  19  2:00  Metabolic Boost  
  20  2:05  Queen  
  22  2:14  Zergling x4  
  24  2:30  Zergling x2  
  24  2:35  Queen  
  27  2:42  Drone x2  
  29  2:50  Lair  
  29  2:53  Extractor, Drone  
  29  3:01  Drone  
  29  3:02  Drone x2  
  28  4:01  Spire, Drone  
  28  4:02  Drone x8  
  36  4:06  Extractor  
  36  4:07  Extractor  
  34  4:18  Roach Warren  
  33  4:30  Spine Crawler  
  32  4:35  Spine Crawler  
  31  4:40  Evolution Chamber  
  31  4:42  Drone x4  
  31  4:43  Drone  
  31  4:44  Drone  
  36  4:47  Overlord x3  
  36  5:02  Overseer  
  36  5:14  Mutalisk x4  
  36  5:18  Drone  
  36  5:19  Drone x2  
  47  5:29  Mutalisk x2  
  51  5:43  Zergling x2  
  51  5:44  Zergling x14  
  59  5:56  Overlord  
  59  5:58  Drone  
  60  6:32  Mutalisk  
  60  6:33  Mutalisk x3  
  68  6:57  Overlord x3  
  64  7:16  Mutalisk  
  64  7:17  Mutalisk x5  
  74  7:41  Mutalisk x2  
  74  7:42  Mutalisk x2  
  82  7:50  Spine Crawler  
  82  7:51  Hatchery  
  77  8:15  Mutalisk x2  
  77  8:16  Mutalisk x2  
  77  8:18  Overlord x3  
  84  8:27  Spore Crawler  
  84  8:34  Spore Crawler  
  80  8:36  Spore Crawler  
  80  8:39  Queen x2  
  82  8:56  Spire  
  64  10:20  Spore Crawler  
  61  10:23  Spore Crawler  
  58  10:29  Mutalisk x5  
  58  10:30  Mutalisk x6  
  80  10:37  Queen  
  80  10:39  Drone  
  83  10:43  Drone x5  
  83  10:47  Zerg Flyer Weapons Level 1  
  88  10:53  Spore Crawler  
  87  10:59  Spore Crawler  
  87  11:02  Spore Crawler  
  85  11:05  Spore Crawler  
  84  11:13  Queen  
  86  11:32  Overlord x3  
  86  11:37  Overlord x3  
  78  12:25  Extractor  
  78  12:26  Extractor  
  78  12:29  Drone x3  
  79  12:30  Drone x2  
  79  12:31  Spore Crawler, Mutalisk, Drone  
  79  12:32  Mutalisk x7  
  97  12:43  Zerg Flyer Armor Level 1  
  96  13:12  Drone x8  
  104  13:31  Overlord  
  104  13:32  Overlord  
  104  13:59  Overlord  
  104  14:00  Overlord x2  
  96  14:29  Mutalisk  
  96  14:30  Mutalisk x8  
  112  15:04  Spore Crawler  
  111  15:16  Spore Crawler, Mutalisk  
  111  15:17  Mutalisk x7  
  126  16:01  Drone x4  
  130  16:06  Overlord x2  
  130  16:52  Spire  
  125  17:56  Spore Crawler  
  125  17:58  Spore Crawler  
  123  17:59  Overlord x3  
  123  18:00  Overlord x3  
  123  18:02  Spore Crawler  
  123  18:03  Pneumatized Carapace  
  122  18:10  Hatchery  
  121  18:16  Mutalisk x2  
  121  18:17  Mutalisk x20  
  165  18:52  Spore Crawler  
Show
View Real Time Build Order
Export as new Build Order

Gutinndi Zerg 

Build Orders: Pool First 

Get SALT Encoding   

  12  0:01  Drone  
  13  0:12  Overlord  
  13  0:32  Drone x3  
  16  0:43  Drone  
  16  0:46  Extractor  
  16  0:57  Spawning Pool  
  16  0:58  Drone  
  16  1:11  Drone  
  17  1:23  Drone  
  18  1:34  Overlord  
  18  1:45  Zergling x2  
  19  1:47  Queen  
  19  1:50  Zergling x2  
  22  2:00  Zergling x2  
  23  2:12  Zergling x2  
  24  2:20  Zergling x2  
  25  2:22  Metabolic Boost  
  25  2:27  Hatchery  
  24  2:35  Zergling x2  
  25  2:42  Queen  
  25  2:43  Drone  
  28  2:56  Extractor  
  27  2:59  Drone x3  
  27  3:02  Overlord  
  30  3:13  Spine Crawler  
  29  3:43  Zergling x6  
  30  3:50  Drone x3  
  33  3:56  Queen  
  33  3:57  Drone  
  33  3:59  Overlord  
  36  4:04  Lair  
  36  4:18  Drone x4  
  36  4:19  Drone  
  41  4:33  Drone  
  41  4:34  Drone  
  43  4:43  Extractor  
  43  4:45  Extractor, Drone x2  
  43  4:46  Drone  
  43  4:47  Overlord x2  
  44  5:05  Drone  
  45  5:13  Spire, Drone  
  45  5:14  Drone x2  
  47  5:15  Drone x3  
  47  5:17  Drone  
  51  5:26  Overlord  
  51  5:32  Drone x3  
  54  5:47  Overlord  
  54  6:05  Zergling x6  
  54  6:09  Overlord  
  57  6:24  Mutalisk x5  
  65  6:31  Spore Crawler  
  59  6:33  Spore Crawler  
  59  6:35  Spore Crawler  
  59  6:37  Mutalisk x4  
  59  6:38  Mutalisk x3  
  60  6:55  Mutalisk  
  60  6:56  Mutalisk  
  58  7:09  Drone x3  
  58  7:10  Drone  
  60  7:16  Spore Crawler  
  59  7:27  Mutalisk  
  59  7:33  Drone  
  60  7:39  Mutalisk x2  
  64  7:52  Mutalisk x2  
  60  8:08  Mutalisk x3  
  62  8:17  Mutalisk x2  
  66  8:35  Mutalisk  
  66  8:36  Mutalisk  
  66  8:55  Spore Crawler, Mutalisk  
  66  8:56  Mutalisk  
  69  9:03  Spore Crawler  
  69  9:09  Spore Crawler  
  61  9:24  Mutalisk x2  
  55  9:36  Spore Crawler  
  55  9:38  Drone x3  
  57  9:49  Mutalisk  
  57  9:50  Mutalisk  
  61  10:00  Mutalisk  
  63  10:16  Mutalisk  
  63  10:17  Mutalisk  
  66  10:38  Mutalisk  
  68  10:46  Drone  
  68  10:47  Drone x2  
  68  10:49  Mutalisk  
  73  11:01  Overlord x2  
  71  11:15  Mutalisk x2  
  61  11:31  Mutalisk x2  
  63  11:48  Overlord, Mutalisk x2  
  67  12:09  Mutalisk  
  67  12:10  Mutalisk  
  71  12:18  Mutalisk  
  73  12:30  Mutalisk  
  73  12:33  Mutalisk  
  77  12:43  Mutalisk  
  75  13:06  Mutalisk  
  75  13:07  Mutalisk  
  79  13:41  Zerg Flyer Armor Level 1  
  79  13:44  Drone x2  
  79  13:45  Drone  
  79  13:46  Drone  
  83  14:02  Mutalisk  
  83  14:03  Mutalisk x3  
  91  14:10  Drone x2  
  87  14:30  Mutalisk  
  87  14:31  Mutalisk x2  
  85  14:45  Mutalisk x2  
  89  15:03  Spore Crawler  
  89  15:05  Mutalisk x2  
  92  15:17  Spore Crawler x2  
  92  15:19  Spore Crawler  
  89  15:22  Spore Crawler  
  89  15:23  Spore Crawler  
  89  15:24  Mutalisk  
  89  15:25  Mutalisk  
  91  15:40  Spore Crawler  
  91  15:41  Spore Crawler  
  89  15:44  Mutalisk  
  89  15:48  Overlord  
  89  15:49  Overlord  
  91  16:01  Spine Crawler  
  72  16:26  Mutalisk x4  
  70  16:43  Overlord, Mutalisk  
  70  16:44  Overlord  
  72  16:55  Mutalisk  
  74  17:04  Hatchery  
  74  17:05  Spore Crawler  
  74  17:07  Spore Crawler  
  74  17:08  Spore Crawler  
  70  17:20  Mutalisk  
  68  17:32  Mutalisk  
  70  17:45  Zergling x2  
  70  17:46  Zergling x16  
  79  18:06  Zergling x4  
  81  18:23  Hatchery  
  81  18:26  Hatchery  
  79  18:30  Zergling x10  
  84  18:45  Spine Crawler x3  
  81  18:50  Zergling x6  
  84  19:04  Zergling x8  
  88  19:19  Zergling x4  
Tags
 
Add a new tag
Caveats
  • Supply blocks, unpowered buildings, or Contaminate may cause inaccurate times.
  • Supply counts are checked every 10 seconds.